 Dungeon Crawl Stone Soup version 0.22-a0-480-g991dd4b (webtiles) character file.

959 Gorice the Carver (level 7, -3/46 HPs)
             Began as a Demonspawn Wanderer on June 16, 2018.
             Was an Initiate of Okawaru.
             Slain by a two-headed ogre
             ... wielding a +0 giant spiked club
              (20 damage)
             ... on level 5 of the Dungeon.
             The game lasted 00:23:39 (7854 turns).

Gorice the Carver (Demonspawn Wanderer)             Turns: 7854, Time: 00:23:40

Health: -3/46      AC:  9    Str: 17    XL:     7   Next: 92%
Magic:  7/7        EV:  9    Int: 13    God:    Okawaru [......]
Gold:   228        SH:  0    Dex: 10    Spells: 6/6 levels left

rFire    + . .     SeeInvis .   i - +0 scimitar
rCold    . . .     Gourm    .   (no shield)
rNeg     + . .     Faith    .   h - +1 chain mail
rPois    .         Spirit   .   (helmet restricted)
rElec    .         Reflect  .   (no cloak)
rCorr    .         Harm     .   (no gloves)
MR       .....                  (no boots)
Stlth    ..........             (no amulet)
HPRegen  0.15/turn              f - ring of protection from fire
MPRegen  0.10/turn              e - ring of positive energy

@: marked, drained
A: antennae 2, repulsion field 1, powered by pain 1
a: Renounce Religion


You were on level 5 of the Dungeon.
You worshipped Okawaru.
Okawaru was noncommittal.
You were not hungry.

You visited 2 branches of the dungeon, and saw 7 of its levels.

You collected 228 gold pieces.

Inventory:

Hand Weapons
 a - a +3 falchion
 b - a +0 hunting sling
 d - a +0 dagger
 i - a +0 scimitar (weapon)
Missiles
 j - 52 sling bullets
 l - 10 tomahawks (quivered)
 y - 16 javelins
 Y - 149 stones
Armour
 c - a +0 robe
 h - a +1 chain mail (worn)
Jewellery
 e - a ring of positive energy (right hand)
 f - a ring of protection from fire (left hand)
 p - an uncursed ring of stealth
Wands
 w - a wand of random effects (25)
 C - a wand of acid (9)
 D - a wand of enslavement (9)
Scrolls
 g - 2 scrolls of remove curse
 n - 2 scrolls of teleportation {!r}
 o - 2 scrolls of magic mapping {!r}
 q - 2 scrolls of enchant weapon
 u - a scroll of enchant armour
 v - a scroll of silence {unknown}
 B - a scroll of fog {unknown}
Potions
 k - a potion of heal wounds {!q}
 r - a potion of lignification {!q}
 s - 2 potions of flight {unknown}
 t - 3 potions of brilliance {unknown}
 x - a potion of resistance {unknown}
 z - 2 potions of curing
 A - a potion of berserk rage {unknown}
Comestibles
 m - 11 rations


   Skills:
 * Level 8.1(7.6) Long Blades
   Level 1.0(0.5) Polearms
 - Level 1.0(0.5) Throwing
 + Level 3.0(2.5) Armour
 - Level 1.7(1.3) Dodging
 - Level 2.6(2.2) Stealth


You had 6 spell levels left.
You didn't know any spells.
Your spell library contained the following spells:

 Spells                   Type           Power        Failure   Level  Hunger
 Apportation              Tloc           #.....       99%         1    ##.....
 Summon Small Mammal      Summ           #...         99%         1    ##.....
 Animate Dead             Necr           N/A          100%        4    #####..
 Pain                     Necr           #...         99%         1    ##.....
 Animate Skeleton         Necr           N/A          99%         1    ##.....
 Vampiric Draining        Necr           #.........   100%        3    ####...
 Regeneration             Chrm/Necr      #.........   100%        3    ####...
 Stone Arrow              Conj/Erth      #.....       100%        3    ####...
 Confusing Touch          Hex            #.....       99%         1    ##.....
 Passwall                 Tmut/Erth      #.......     100%        2    ###....
 Lee's Rapid Deconstruct  Erth           #.........   100%        5    ######.
 Sandblast                Erth           #.....       99%         1    ##.....
 Petrify                  Tmut/Erth      #.......     100%        4    #####..


Dungeon Overview and Level Annotations

Branches:
Dungeon (6/15)             Temple (1/1) D:6

Altars:
Ashenzari
Cheibriados
Dithmenos
Elyvilon
Fedhas
Gozag
Hepliaklqana
Kikubaaqudgha
Makhleb
Nemelex Xobeh
Okawaru
Qazlal
Ru
Sif Muna
Trog
Vehumet
Wu Jian
Xom
Yredelemnul
Zin
The Shining One

Shops:
D:6 (


Innate Abilities, Weirdness & Mutations

You have a pair of antennae on your head.
You are surrounded by a mild repulsion field. (EV +2)
You sometimes gain a little power by taking damage.


Message History

You closely miss the quokka.
The quokka bites you but does no damage.
The quokka misses you.
You riposte.
Your chain mail prevents you from hitting the quokka.
You miss the quokka.
The quokka twitches its whiskers.
The quokka barely misses you.
You riposte.
You closely miss the quokka. You closely miss the quokka.
The quokka bites you but does no damage.
You slash the quokka!
You kill the quokka!
Okawaru accepts your kill.
You open the door.
Found a glowing silver altar of Zin.
D - a wand of enslavement (9)
The alarm trap emits a blaring wail!
A sentinel's mark forms upon you.
You hear two shouts!
You hear a shout! x3
Evoke which item? (* to show all) (? for menu, Esc to quit)
Aiming: Corrosive Bolt
Press: ? - help, Shift-Dir - straight line, f - you That beam is likely to hit you.
Continue anyway?
Okay, then.
Evoke which item? (* to show all) (? for menu, Esc to quit)
Aiming: Random Effects
Press: ? - help, Shift-Dir - straight line, f - two-headed ogre
Aim: a two-headed ogre, wielding a giant spiked club and a giant club The two-headed ogre seems to speed up.
There is an escape hatch in the ceiling here.
The two-headed ogre hits you with a giant spiked club!
The two-headed ogre misses you. A mysterious force pulls you upwards.
The hatch slams shut behind you.
Damage: 12 (max 12)
The two-headed ogre closely misses you.
You riposte.
You slash the two-headed ogre!
The two-headed ogre is lightly wounded.
The two-headed ogre hits you with a giant club!
Damage: 9 (max 12)
The two-headed ogre closely misses you. The two-headed ogre barely misses you.
Really read
n - 3 scrolls of teleportation {!r}?
As you read the scroll of teleportation {!r}, it crumbles to dust.
You feel strangely unstable.
The two-headed ogre hits you with a giant spiked club.
* * * LOW HITPOINT WARNING * * *
The two-headed ogre hits you with a giant club.
* * * LOW HITPOINT WARNING * * *
Damage: 9 (max 12)
Your surroundings suddenly seem different.
The two-headed ogre hits you with a giant spiked club!!
You die...

#8...8#.# #..###8###8###
##...##.# ###..###########
#...##.######...............
##...##......................
#8...8#.#......###..#........
###...##.#....###8###.........
####.............#._._.#.#.......
.................##§..##.#.......
##...#####......@##≈.§##.#.......
#8...8#.....#.#..O##'##.<.#......
##...###..###.###................
##...##..## #.###.#...###.....#..
##...##### #.....#.###...#..##..
#8...8# #..####.##...........
##...#### ###..# #.##.....####.#
##...##8###8#..####..#...### #.#
..........[....#......O### ##.#


You could see a two-headed ogre.

Vanquished Creatures
  Edmund (D:4)
  An ice beast (D:4)
  2 ogres
  2 scorpions
  A howler monkey (D:5)
  A hound (D:4)
  A centaur zombie (D:6)
  An orc priest (D:5)
  A human skeleton (D:6)
  2 iguanas (D:5)
  3 worker ants
  2 worker ant zombies (D:5)
  8 adders
  An ooze (D:2)
  An adder skeleton (D:5)
  An adder zombie (D:2)
  2 worms
  5 dart slugs
  8 leopard geckos
  16 orcs
  3 giant cockroaches
  11 goblins
  6 hobgoblins
  6 jackals
  2 quokkas (D:6)
  3 ball pythons
  8 bats
  3 frilled lizards
  7 kobolds
  A kobold skeleton (D:6)
  2 leopard gecko skeletons
  15 rats
127 creatures vanquished.

Vanquished Creatures (others)
  A human (D:6)
  A worker ant (D:6)
  A quokka (D:6)
3 creatures vanquished.

Grand Total: 130 creatures vanquished

Notes
Turn   | Place    | Note
-------+----------+-------------------------------------------
     0 | D:1      | Gorice the Demonspawn Wanderer began the quest for the Orb.
     0 | D:1      | Gorice set off with: a +2 falchion, 2 scrolls of teleportation {!r}, a +0 robe, a +0 dagger, a ration
     0 | D:1      | Reached XP level 1. HP: 13/13 MP: 1/1
   247 | D:1      | Reached skill level 3 in Long Blades
   340 | D:1      | Gained mutation: You are surrounded by a mild repulsion field. (EV +2) [demonic ancestry]
   340 | D:1      | Reached XP level 2. HP: 19/19 MP: 2/2
   933 | D:1      | Reached XP level 3. HP: 17/24 MP: 3/3
  1227 | D:1      | Reached skill level 4 in Long Blades
  1513 | D:2      | HP: 7/24 [poisoned by an adder]
  1520 | D:2      | HP: 6/24 [poisoned by an adder]
  1528 | D:2      | HP: 4/24 [poisoned by an adder]
  2246 | D:2      | Reached XP level 4. HP: 29/30 MP: 4/4
  2875 | D:3      | Reached skill level 5 in Long Blades
  3028 | D:3      | Found a radiant altar of Vehumet.
  3034 | D:3      | Found a basalt altar of Yredelemnul.
  3041 | D:3      | Found an ornate altar of the Wu Jian Council.
  3073 | D:3      | Gained mutation: You have a pair of small antennae on your head. [demonic ancestry]
  3073 | D:3      | Reached XP level 5. HP: 30/35 MP: 5/5
  3179 | D:3      | Noticed an ogre
  3188 | D:3      | Killed an ogre
  3322 | D:3      | Reached skill level 6 in Long Blades
  3732 | D:4      | Gained mutation: You have a pair of antennae on your head. [demonic ancestry]
  3732 | D:4      | Reached XP level 6. HP: 41/41 MP: 6/6
  3783 | D:4      | Noticed an ice beast
  3792 | D:4      | HP: 10/41 [ice beast (12)]
  3815 | D:4      | Killed an ice beast
  4025 | D:4      | Noticed Edmund
  4047 | D:4      | HP: 10/41 [Edmund/flail of crushing (3)]
  4053 | D:4      | HP: 12/41 [Edmund/flail of crushing (6)]
  4057 | D:4      | Killed Edmund
  4057 | D:4      | Reached skill level 7 in Long Blades
  4057 | D:4      | Reached skill level 1 in Armour
  4441 | D:4      | Gained mutation: You sometimes gain a little power by taking damage. [demonic ancestry]
  4441 | D:4      | Reached XP level 7. HP: 46/46 MP: 7/7
  5125 | D:5      | Entered Level 5 of the Dungeon
  5153 | D:5      | Reached skill level 2 in Armour
  5478 | D:5      | HP: 13/46 [iguana (1)]
  5831 | D:5      | Found an ancient bone altar of Kikubaaqudgha.
  5837 | D:5      | Found a shadowy altar of Dithmenos.
  6040 | D:5      | Found a glowing golden altar of the Shining One.
  6412 | D:6      | Reached skill level 8 in Long Blades
  6498 | D:6      | Found a sacrificial altar of Ru.
  6661 | D:6      | Noticed a human
  6662 | D:6      | Found a runed door.
  6674 | D:6      | Reached skill level 3 in Armour
  6677 | D:6      | Found a basalt altar of Yredelemnul.
  6982 | D:6      | Found a staircase to the Ecumenical Temple.
  6991 | Temple   | Entered the Ecumenical Temple
  7178 | Temple   | Became a worshipper of Warmaster Okawaru
  7240 | D:6      | Killed a human
  7255 | D:6      | Noticed a two-headed ogre
  7258 | D:6      | HP: 13/46 [two-headed ogre/giant spiked club (7)]
  7271 | D:6      | HP: 11/46 [two-headed ogre/giant spiked club (18)]
  7276 | D:6      | HP: 3/46 [two-headed ogre/giant spiked club (9)]
  7655 | D:6      | Found Jaubol's Antique Weapon Shoppe.
  7755 | D:6      | Found a glowing silver altar of Zin.
  7854 | D:5      | Slain by a two-headed ogre

Vault maps used:
D:1:      saegor_arrival_simple_c
D:2:      minmay_unequal
D:3:      grunt_temple_overflow_diamond, first_ration
D:4:      uniq_edmund
D:5:      gammafunk_temple_overflow_statue, serial_corexii_hall,
          corexii_hall_statues_deadend, corexii_hall_statues_u,
          corexii_hall_statues_l, corexii_hall_statues_x,
          corexii_hall_statues_x, corexii_hall_statues_u,
          nicolae_tso_swordbearing_angel
D:6:      zin_statuary, kennysheep_mini_moat, lemuel_temple_firewalk_b,
          serial_shops, nicolae_shop_statue_plus, serial_co_window_serial,
          co_window_paths_a, co_window_paths_a, co_window_of_opportunity_a,
          co_window_paths_b, co_window_paths_a, co_window_broadway_b,
          co_window_of_opportunity_b, co_window_broadway_a, co_window_2corner,
          co_window_paths_d, st_stairs_11, dk_yredelemnul_ordeal
Temple:   eino_temple_water

Skill      XL: |  1  2  3  4  5  6  7 |
---------------+----------------------+-----
Long Blades    | 3 4 5 6 7 8 |  8.1
Armour         | 1 3 |  3.0
Polearms       | |  1.0
Throwing       | |  1.0
Dodging        | |  1.7
Stealth        | |  2.6

Action                   |  1- 3 |  4- 6 |  7- 9 || total
-------------------------+-------+-------+-------++-------
Melee: Falchion          |   125 |   138 |       ||   263
       Scimitar          |       |     5 |   145 ||   150
Throw: Stone             |     2 |       |       ||     2
       Javelin           |       |    22 |       ||    22
Evoke: Wand              |       |       |     2 ||     2
  Use: Scroll            |     4 |     3 |     8 ||    15
       Potion            |       |     3 |     1 ||     4
 Stab: Sleeping          |     5 |     7 |       ||    12
  Eat: Chunk             |     4 |     7 |     8 ||    19
       Ration            |       |       |     1 ||     1
Armor: Robe              |    22 |    18 |       ||    40
       Chain mail        |       |     5 |    50 ||    55
Dodge: Dodged            |   103 |    79 |    59 ||   241
       Rpst.: Falchion   |    31 |    19 |       ||    50
       Scimitar          |       |     2 |    15 ||    17

Table legend:
 A = Spawn XP
 B = Non-spawn XP
 C = Spawn XP percentage of total XP
 D = Spawn monster count
 E = Non-spawn monster count
 F = Spawn count percentage of total count
 G = Total turns spent on level
                    A         B        C        D         E        F      G
               +---------+---------+-------+---------+---------+-------+---------
         Total |       0 |    1371 |   0.0 |       0 |     127 |   0.0 |  7854
               +---------+---------+-------+---------+---------+-------+---------
           D:1 |       0 |      56 |   0.0 |       0 |      34 |   0.0 |  1435
           D:2 |       0 |      46 |   0.0 |       0 |      16 |   0.0 |  1100
           D:3 |       0 |     238 |   0.0 |       0 |      31 |   0.0 |   938
           D:4 |       0 |     434 |   0.0 |       0 |      12 |   0.0 |  1695
           D:5 |       0 |     460 |   0.0 |       0 |      19 |   0.0 |  1491
           D:6 |       0 |     137 |   0.0 |       0 |      15 |   0.0 |   988
               +---------+---------+-------+---------+---------+-------+---------

Table legend:
 A = Turns spent in this place as a percentage of turns spent in the entire game.
 B = Non-inter-level travel turns spent in this place as a percentage of non-inter-level travel turns spent in the entire game.
 C = Inter-level travel turns spent in this place as a percentage of turns spent in this place.
 D = Turns resting spent in this place as a percentage of non-inter-level travel turns spent in this place.
 E = Turns spent auto-exploring this place as a percentage of non-inter-level travel turns spent in this place.
 F = Non-inter-level travel turns spent in this place divided by the number of levels of this place that you've seen.
                   A       B       C       D       E      F
               +-------+-------+-------+-------+-------+----------------------
         Total | 100.0 | 100.0 |   1.6 |  38.0 |  36.9 | 1103.6
       Dungeon |  97.4 |  97.6 |   1.5 |  38.9 |  35.4 | 1256.0
        Temple |   2.6 |   2.4 |   8.7 |   0.0 |  93.1 | 189.0
               +-------+-------+-------+-------+-------+----------------------

Vault maps used:
D:1:      saegor_arrival_simple_c
D:2:      minmay_unequal
D:3:      grunt_temple_overflow_diamond, first_ration
D:4:      uniq_edmund
D:5:      gammafunk_temple_overflow_statue, serial_corexii_hall,
          corexii_hall_statues_deadend, corexii_hall_statues_u,
          corexii_hall_statues_l, corexii_hall_statues_x,
          corexii_hall_statues_x, corexii_hall_statues_u,
          nicolae_tso_swordbearing_angel
D:6:      zin_statuary, kennysheep_mini_moat, lemuel_temple_firewalk_b,
          serial_shops, nicolae_shop_statue_plus, serial_co_window_serial,
          co_window_paths_a, co_window_paths_a, co_window_of_opportunity_a,
          co_window_paths_b, co_window_paths_a, co_window_broadway_b,
          co_window_of_opportunity_b, co_window_broadway_a, co_window_2corner,
          co_window_paths_d, st_stairs_11, dk_yredelemnul_ordeal
Temple:   eino_temple_water
